Map: Newkirk Precinct TE (Void)

Players

UnpluggedXtr - Winner!

  • Race: Terran Terran
  • League: Diamond
  • Spawn Location: 5:00

Alatreon

  • Race: Zerg Zerg
  • League: Platinum
  • Spawn Location: 7:00

VOD

Have the link to the VOD?

Description

Time

  • Played on: Dec. 3, 2016, 1:18 p.m.
  • Length: 24:19
Show
View Real Time Build Order
Export as new Build Order

UnpluggedXtr Terran - Winner!

Build Orders: 1/1/1, Bio Tank 

Get SALT Encoding   

  12  0:01  SCV  
  13  0:13  SCV  
  14  0:21  Supply Depot  
  14  0:25  SCV  
  15  0:36  Refinery  
  15  0:43  SCV  
  15  0:49  Barracks  
  16  0:55  SCV  
  17  1:07  SCV  
  18  1:19  SCV  
  20  1:38  Orbital Command  
  19  1:42  Factory  
  19  1:45  Marine  
  20  1:54  Refinery  
  20  1:56  Supply Depot  
  20  2:04  SCV  
  21  2:16  SCV, Barracks Reactor  
  22  2:28  SCV, Starport  
  23  2:39  Barracks  
  23  2:40  SCV  
  23  2:43  Factory Tech Lab  
  24  2:52  SCV  
  24  2:53  Marine x2  
  27  3:04  SCV, Supply Depot  
  28  3:16  Medivac  
  30  3:21  Supply Depot  
  30  3:25  Siege Tank, SCV  
  34  3:31  Barracks Tech Lab  
  34  3:33  Marine x2  
  36  3:37  SCV  
  37  3:49  SCV  
  37  3:51  Marine  
  39  3:57  Marine  
  40  4:04  SCV  
  40  4:06  Command Center  
  41  4:12  Stimpack  
  41  4:13  Marine  
  41  4:15  Marine  
  41  4:16  SCV, Bunker  
  44  4:21  Medivac  
  44  4:23  Marine  
  47  4:39  Barracks  
  47  4:44  Supply Depot  
  47  4:49  Supply Depot  
  47  5:05  Marine x2  
  49  5:11  Command Center, Starport Reactor  
  49  5:14  Marine  
  50  5:23  Marine  
  50  5:26  Supply Depot  
  51  5:34  Orbital Command  
  52  5:35  SCV  
  52  5:41  Marine, Marauder  
  54  5:44  Barracks Tech Lab  
  54  5:47  SCV  
  55  5:56  Marine  
  56  5:59  Marine  
  56  6:00  SCV  
  56  6:03  Marauder  
  60  6:06  Siege Tank  
  60  6:08  SCV  
  64  6:12  SCV  
  64  6:18  Refinery  
  65  6:20  Marine  
  65  6:21  SCV, Marine x2  
  65  6:24  SCV, Marauder  
  72  6:33  SCV  
  72  6:36  SCV  
  72  6:38  Marine x2  
  76  6:42  Siege Tank  
  76  6:43  Marine  
  76  6:45  SCV, Marine  
  82  6:51  SCV  
  83  6:56  Marine x2  
  83  6:57  SCV  
  83  6:58  Engineering Bay  
  83  6:59  Engineering Bay  
  83  7:01  Marine  
  87  7:03  SCV, Marine  
  87  7:06  Orbital Command  
  89  7:11  SCV  
  89  7:14  Marine x2  
  89  7:15  SCV  
  93  7:19  Marauder  
  93  7:21  Siege Tank, Marauder  
  100  7:23  SCV  
  100  7:28  Terran Infantry Armor Level 1  
  100  7:29  Liberator  
  101  7:32  Supply Depot  
  101  7:36  Supply Depot  
  101  7:38  Refinery  
  101  7:46  Marine  
  101  7:53  SCV, Marine  
  98  8:00  Marine x2  
  98  8:03  Siege Tank  
  98  8:04  Marine  
  104  8:06  SCV x2  
  104  8:10  Terran Infantry Weapons Level 1  
  104  8:11  Marine  
  107  8:19  Marauder x2  
  111  8:21  Marine  
  111  8:23  Command Center  
  111  8:25  SCV  
  113  8:29  Marine  
  113  8:30  SCV x2  
  116  8:37  SCV  
  117  8:51  Supply Depot  
  117  8:56  Supply Depot  
  117  8:57  Barracks  
  117  8:59  Barracks  
  117  9:01  Barracks  
  117  9:12  Marine x2  
  117  9:13  Siege Tank, SCV x3  
  125  9:17  Marine  
  125  9:18  Marauder  
  128  9:25  SCV x3  
  128  9:30  Marine x2  
  133  9:35  Marine  
  133  9:37  SCV  
  119  9:38  Marine  
  119  9:45  Siege Tank  
  95  9:48  Marine x2  
  95  9:51  Barracks Tech Lab  
  96  9:53  Barracks Tech Lab  
  96  9:54  Marine, Barracks Reactor  
  96  9:57  Marauder  
  98  10:06  Marine, Marauder  
  89  10:09  Marine  
  89  10:11  Marauder  
  89  10:12  Marine  
  89  10:13  Medivac x2  
  91  10:17  Siege Tank  
  91  10:18  Marauder  
  92  10:24  Marine  
  92  10:27  Marine  
  92  10:28  Marauder  
  93  10:30  Marine  
  93  10:31  Armory  
  93  10:32  Marine  
  95  10:36  Planetary Fortress  
  95  10:39  SCV x3  
  95  10:40  Marine, Marauder  
  95  10:41  Marine  
  95  10:42  Marine  
  100  10:43  Medivac x2  
  100  10:44  Combat Shields  
  100  10:45  Marine  
  100  10:48  Marine  
  100  10:49  Siege Tank, Marauder  
  111  10:50  Marine  
  111  10:51  SCV  
  111  10:54  SCV x2  
  115  10:58  Marine x2  
  115  10:59  Marine  
  115  11:01  Marauder  
  115  11:03  SCV, Marauder  
  123  11:06  SCV x2  
  123  11:08  Barracks, Marauder  
  123  11:10  Marine  
  123  11:11  Marauder  
  130  11:13  Medivac  
  130  11:16  Marine x2  
  134  11:19  Marine  
  134  11:21  Siege Tank  
  134  11:22  Marauder  
  134  11:25  Marauder  
  142  11:28  Marine  
  142  11:29  Marauder  
  142  11:31  Marine  
  146  11:34  Marine x2  
  148  11:40  Refinery  
  148  11:42  Refinery  
  148  11:46  Supply Depot  
  148  11:47  Supply Depot x2  
  148  11:48  Supply Depot  
  148  11:49  Supply Depot  
  148  11:51  Supply Depot  
  148  12:08  SCV x2, Marine x4, Marauder  
  156  12:09  Siege Tank, SCV, Marauder  
  156  12:12  Marine x2  
  164  12:20  SCV x2  
  164  12:21  SCV  
  164  12:22  Factory  
  161  12:23  Factory  
  161  12:26  Marine x2, Marauder x2  
  161  12:27  Supply Depot  
  161  12:29  Marine  
  139  12:30  Marine  
  139  12:32  SCV x2  
  139  12:33  SCV  
  137  12:41  Siege Tank  
  137  12:44  SCV, Marine x4  
  140  12:45  SCV  
  140  12:47  Marine x3  
  140  12:48  Marine  
  150  12:54  Barracks Reactor  
  150  13:02  Marine x4  
  160  13:05  Marine, Marauder x3  
  160  13:09  Terran Infantry Weapons Level 2  
  160  13:10  Terran Infantry Armor Level 2  
  161  13:13  Siege Tank  
  161  13:14  Factory Reactor x2  
  161  13:19  Marine x2  
  164  13:20  Marine x2  
  164  13:24  Marauder  
  176  13:27  Marauder x3  
  164  13:35  Marine x2  
  164  13:37  Marine x2  
  164  13:38  Marine x2  
  130  13:45  Hellbat, Marine  
  130  13:46  Command Center  
  130  13:47  Refinery, Marine x3  
  130  13:48  Refinery  
  136  13:53  Marine x2, Hellbat x4  
  136  13:55  Marine x3  
  147  13:56  Medivac x2  
  153  14:03  Marine, Marauder  
  153  14:06  Marauder x3  
  153  14:07  Hellbat  
  164  14:11  Marine x2  
  164  14:13  Marine x2  
  164  14:14  Hellbat  
  170  14:24  Marauder  
  170  14:26  Medivac x2  
  170  14:27  Marine x2  
  170  14:28  Hellbat, Marine x3  
  170  14:29  Marine x2  
  170  14:31  Marine x2  
  186  14:32  Hellbat  
  186  14:34  Hellbat  
  191  14:42  Supply Depot  
  191  14:45  Marine x2  
  191  14:46  Marine, Marauder x3  
  191  14:48  Supply Depot  
  200  14:56  Command Center  
  190  15:17  Siege Tank  
  190  15:20  Medivac x2  
  190  15:21  Marine x3  
  148  15:58  Marine x3  
  148  15:59  Marine x7  
  148  16:03  Hellbat x5  
  135  16:05  Medivac x2  
  129  16:15  Planetary Fortress  
  129  16:16  Marine x4  
  129  16:17  Marauder  
  129  16:18  Marauder x2  
  141  16:24  Hellbat x3  
  141  16:25  Hellbat x2  
  148  16:30  Marine x2  
  147  16:34  Marine x4  
  147  16:35  Medivac x2  
  147  16:38  Marine  
  147  16:39  Marauder x2  
  147  16:46  Hellbat  
  149  16:48  Marine x2  
  149  16:51  Refinery  
  149  16:52  Refinery, Marine x2  
  153  16:55  Marine x2  
  153  16:57  Marauder  
  153  17:00  Marauder x2  
  161  17:05  Marine  
  161  17:06  Marine  
  163  17:09  Marine  
  163  17:10  Marine  
  165  17:17  Marine x2  
  165  17:18  Marauder  
  165  17:20  Medivac x2  
  165  17:21  Hellbat  
  165  17:22  Hellbat x2, Marauder x2  
  183  17:23  Marine x2  
  183  17:27  Marine  
  186  17:40  Marauder  
  186  17:43  Terran Infantry Armor Level 3, Terran Infantry Weapons Level 3, Marauder x2  
  192  17:45  Planetary Fortress  
  192  17:48  Marine x6  
  192  17:50  Medivac  
  200  18:18  Liberator  
  200  18:19  Liberator  
  186  18:23  Marine x5  
  186  18:24  Marine, Marauder x3  
  176  18:33  Thor  
  182  18:41  Marine x4  
  190  18:45  Marine x2  
  190  18:46  Marauder x3  
  200  19:01  Barracks  
  200  19:02  Barracks  
  200  19:07  Barracks x2  
  200  19:19  Command Center  
  200  19:44  Liberator x2  
  169  19:50  Marine x2  
  169  19:51  Marine x6  
  169  19:52  Marine x3  
  118  19:53  Marine  
  118  19:54  Marine  
  113  20:07  Thor  
  113  20:08  Marine x3, Hellbat  
  113  20:09  Marine x3  
  113  20:10  Marauder x4  
  113  20:11  Marine  
  113  20:13  Barracks Reactor  
  135  20:15  Barracks Reactor  
  134  20:26  Liberator, Marine x4  
  134  20:27  Marine x2  
  140  20:31  Hellbat x2, Marauder x3  
  140  20:32  Hellbat x2, Marauder  
  153  20:44  Medivac  
  139  20:50  Thor  
  139  20:52  Marauder  
  139  20:53  Hellbat x3, Marauder x3  
  148  21:01  Marine x4  
  148  21:02  Marine  
  148  21:04  Marine  
  154  21:14  Marauder x4, Medivac  
  154  21:17  Marine  
  165  21:20  Marine x2  
  165  21:21  Marine x2  
  165  21:24  Barracks Reactor  
  165  21:25  Marine  
  170  21:26  Medivac  
  170  21:29  Marine x2  
  170  21:30  Marine  
  175  21:33  Thor  
  175  21:35  Marauder x2  
  175  21:36  Marauder x2  
  189  21:40  Marine x2  
  189  21:41  Marine x4  
  189  21:43  Marine  
  189  21:44  Medivac  
  198  21:47  Planetary Fortress  
  198  21:57  Marauder  
  200  22:12  Command Center  
  146  22:47  Marauder x4  
  146  22:48  Marine x5  
  146  22:49  Marine, Medivac  
  146  22:50  Medivac  
  138  22:58  Marine  
  138  22:59  Marine x5  
  141  23:06  Marine x6  
  141  23:08  Marine, Thor, Hellbat x2, Marauder  
  141  23:10  Marine, Hellbat  
  141  23:12  Marine  
  164  23:19  Medivac  
  166  23:20  Medivac  
  166  23:24  Marine x3  
  166  23:25  Marine x2  
  166  23:26  Marauder  
  175  23:27  Marine  
  175  23:28  Marine  
  177  23:35  Marine x2  
  177  23:36  Marine x2  
  177  23:41  Marine  
  182  23:47  SCV x2  
  184  23:49  SCV x2, Medivac  
Show
View Real Time Build Order
Export as new Build Order

Alatreon Zerg 

Build Orders: Hatch First 

Get SALT Encoding   

  12  0:02  Drone  
  13  0:13  Overlord  
  13  0:20  Drone  
  14  0:32  Drone x2  
  16  0:35  Drone  
  17  0:46  Drone  
  18  0:58  Hatchery  
  17  1:10  Spawning Pool  
  16  1:14  Drone  
  16  1:17  Extractor  
  16  1:19  Drone  
  16  1:22  Drone  
  18  1:29  Drone  
  19  1:41  Overlord  
  19  1:51  Drone  
  20  2:08  Queen  
  20  2:10  Drone  
  20  2:12  Queen  
  20  2:13  Zergling x2  
  20  2:14  Zergling x2  
  27  2:22  Metabolic Boost  
  27  2:26  Drone x2  
  29  2:43  Drone x3  
  32  2:59  Pneumatized Carapace  
  32  3:01  Queen  
  32  3:03  Drone x2  
  36  3:06  Overlord x2  
  36  3:27  Drone x4  
  40  3:36  Hatchery  
  40  3:40  Roach Warren  
  38  3:43  Drone x4  
  42  3:50  Drone x4  
  46  4:12  Evolution Chamber  
  46  4:13  Evolution Chamber  
  44  4:18  Spore Crawler  
  44  4:22  Extractor  
  42  4:24  Overlord  
  42  4:25  Overlord  
  42  4:28  Drone x2  
  42  4:31  Overlord x2  
  44  4:48  Zergling x4  
  44  4:49  Zergling x10  
  51  4:59  Queen  
  51  5:01  Queen  
  51  5:06  Roach  
  63  5:07  Roach x7  
  63  5:14  Queen  
  73  5:30  Spore Crawler  
  73  5:34  Zerg Missile Weapons Level 1  
  68  5:46  Drone x2  
  68  5:47  Spore Crawler  
  69  6:02  Drone x2  
  71  6:05  Extractor, Drone x3  
  71  6:06  Drone  
  71  6:10  Drone x2  
  76  6:19  Drone x6  
  76  6:21  Overlord x3  
  82  6:49  Extractor  
  82  6:51  Drone x3  
  82  6:53  Drone  
  85  6:56  Lair  
  85  6:58  Zergling x6  
  85  6:59  Zergling x14  
  95  7:03  Drone  
  95  7:04  Baneling Nest  
  95  7:24  Zerg Ground Armor Level 1  
  95  7:33  Drone x3  
  81  7:58  Zergling x32  
  77  7:59  Zergling x6  
  77  8:04  Centrifical Hooks  
  84  8:10  Zerg Melee Weapons Level 1  
  84  8:22  Hydralisk Den x2  
  84  8:26  Baneling x3  
  84  8:27  Baneling x18  
  82  8:28  Zergling x4  
  82  8:29  Zergling x20  
  94  8:35  Drone x5  
  99  8:55  Drone x2  
  101  8:57  Hatchery  
  101  9:01  Grooved Spines  
  101  9:02  Muscular Augments  
  100  9:03  Overlord x3  
  100  9:29  Zergling x30  
  100  9:30  Zergling x4  
  110  9:45  Zergling x12  
  105  9:57  Hydralisk  
  105  9:58  Hydralisk x7  
  86  10:25  Zergling x2  
  86  10:26  Zergling x26  
  99  10:41  Hatchery  
  94  10:56  Zergling x2  
  95  10:57  Zergling x26  
  95  10:59  Hatchery  
  107  11:09  Hydralisk x3  
  113  11:13  Queen x2  
  119  11:20  Zerg Missile Weapons Level 2, Zerg Ground Armor Level 2  
  119  11:22  Lurker Den  
  117  11:33  Zergling x2  
  117  11:34  Infestation Pit, Zergling x10  
  122  11:51  Baneling x12  
  122  11:52  Baneling x7  
  122  11:54  Overlord x3  
  122  11:55  Overlord  
  122  11:56  Zergling x2  
  122  11:57  Zergling x10  
  113  12:27  Zergling x22  
  113  12:28  Zergling x20  
  109  12:55  Overlord x2  
  109  12:56  Overlord  
  109  13:00  Zergling x2  
  109  13:01  Zergling x18  
  119  13:13  Zergling x2  
  119  13:14  Zergling x22  
  115  13:35  Zergling x2  
  115  13:36  Zergling x30  
  118  13:59  Hive  
  118  14:02  Spire  
  118  14:04  Hatchery  
  116  14:10  Hatchery  
  115  14:23  Baneling  
  115  14:24  Baneling x25  
  115  14:38  Drone x2  
  117  14:45  Extractor  
  117  14:48  Extractor x2  
  117  14:50  Extractor  
  113  15:30  Ultralisk Cavern, Zerg Missile Weapons Level 3  
  113  15:31  Zerg Ground Armor Level 3  
  113  15:33  Mutalisk x8  
  113  15:34  Mutalisk x3  
  134  15:36  Zergling x24  
  134  15:37  Zergling x38  
  165  15:45  Queen  
  80  17:04  Queen  
  82  17:09  Ultralisk x5  
  82  17:13  Zergling x26  
  82  17:14  Zergling x10  
  130  17:22  Chitinous Plating  
  127  17:53  Ultralisk, Zergling x12  
  127  17:54  Zergling x10  
  127  17:55  Zergling x12  
  150  18:02  Baneling x2  
  150  18:03  Baneling x5  
  129  18:24  Zergling x32  
  134  18:42  Drone x3  
  137  18:58  Zergling x2  
  137  18:59  Zergling x36  
  137  19:00  Zergling x2  
  157  19:04  Drone  
  158  19:35  Hatchery  
  118  19:59  Zergling x2  
  111  20:00  Zergling x34  
  111  20:01  Zergling x36  
  146  20:22  Extractor  
  146  20:23  Drone x2  
  146  20:25  Extractor  
  83  21:26  Queen  
  83  21:28  Drone x3  
  83  21:31  Zergling x30  
  83  21:32  Ultralisk x2  
  121  21:33  Ultralisk x3, Hydralisk  
  121  21:34  Hydralisk x2  
  139  22:08  Baneling x4  
  139  22:09  Baneling x8  
  139  22:10  Baneling  
  139  22:12  Zergling x14  
  139  22:13  Zergling x26  
  159  22:29  Zergling x2  
  153  22:30  Zergling x24  
  80  22:51  Zergling x4  
  80  22:52  Zergling x22  
  79  23:00  Zergling x2  
  79  23:03  Zergling x10  
  81  23:21  Hatchery  
  80  23:59  Zergling x2  
  80  24:00  Zergling x46  
Tags
 
Add a new tag
Caveats
  • Supply blocks, unpowered buildings, or Contaminate may cause inaccurate times.
  • Supply counts are checked every 10 seconds.